AoeStats
← Atomic Kipachaka

Arena

507183469Analyzed
2v2 RM · 15d ago on Sep 17, 2026· 23m 49s· 4 players
Game mode
Random Map
Map size
Medium (4 player)
Population
200
Speed
Normal
Resources
Standard
Victory
Conquest
Starting age
Dark Age
Ending age
Imperial Age
RankedLock teamsTeams togetherTeam positionsShared explorationLock speedFull tech treeHidden civsTurbo modeCheats
Victory
Defeat
🇨🇴 Bengalis · Colombia
1121
+13
🇦🇷 Malay · Argentina
1056
+16
🇺🇸 Cumans · United States
1121
-17
🇺🇸 Spanish · United States
1002
-12
PTAR2 | Cesar556
8:41 Loom
10:52 Feudal Age
14:58 Castle Age
Guerreromix1
7:04 Loom
9:39 Feudal Age
12:56 Wheelbarrow
16:01 Castle Age
14:29 Horse Collar
15:45 Man-at-Arms
cm2of4
10:55 Feudal Age
15:38 Castle Age
15:07 Loom
Atomic Kipachaka
9:09 Feudal Age
9:38 Double-Bit Axe
9:41 Horse Collar
18:16 Fletching
21:18 Castle Age
20:58 Gold Mining
21:15 Scale Barding Armor
21:35 Forging
21:29 Capped Ram
Connection lost

Rejoining the realm…

Still unreachable

The connection could not be restored.

Session expired

The server has moved on; the page needs a fresh start.